 Dungeon Crawl Stone Soup version 0.29.0-10-g45618ea6d2 (webtiles) character file.

Game seed: 7630111294179185793

674 RascalDebosk the Shield-Bearer (level 7, -17/60 HPs)
             Began as a Minotaur Fighter on Sept 1, 2022.
             Demolished by a two-headed ogre
             ... wielding a +0 giant spiked club
              (34 damage)
             ... on level 5 of the Dungeon.
             The game lasted 00:21:27 (4164 turns).

RascalDebosk the Shield-Bearer (Minotaur Fighter)   Turns: 4164, Time: 00:21:28

Health: -17/60     AC: 13    Str: 23    XL:     7   Next: 33%
Magic:  7/7        EV:  7    Int:  5    God:
Gold:   59         SH: 17    Dex:  9    Spells: 6/6 levels left

rFire   . . .      SeeInvis .   a - +0 war axe
rCold   . . .      Faith    .   q - +0 tower shield
rNeg    . . .      Spirit   .   g - +0 plate armour
rPois   .          Reflect  +   (helmet restricted)
rElec   .          Harm     .   (no cloak)
rCorr   .          Rampage  .   (no gloves)
Will    .....                   s - +0 pair of boots
Stlth   ..........              A - amulet of reflection
HPRegen 0.20/turn               j - +4 ring of evasion
MPRegen 0.10/turn               (no ring)

@: no status effects
A: horns 2, retaliatory headbutt
a: no special abilities


You were on level 5 of the Dungeon.
You visited 1 branch of the dungeon, and saw 5 of its levels.
You also visited: Sewer.

You collected 269 gold pieces.
You spent 210 gold pieces at shops.

Inventory:

Hand Weapons
 a - a +0 war axe (weapon)
Missiles
 v - 6 boomerangs (quivered)
 y - 5 javelins
Armour
 g - a +0 plate armour (worn)
 q - a +0 tower shield (worn)
 s - a +0 pair of boots (worn)
Jewellery
 j - a +4 ring of evasion (left hand)
 m - an amulet of the acrobat
 A - an amulet of reflection (around neck)
Wands
 w - a wand of flame (18)
Scrolls
 f - 3 scrolls of blinking {unknown}
 h - a scroll of immolation {unknown}
 i - 6 scrolls of identify {unknown}
 l - 2 scrolls of amnesia {unknown}
 n - a scroll of vulnerability {unknown}
 o - a scroll of magic mapping {unknown}
 p - a scroll of fear {unknown}
 u - a scroll of torment {unknown}
 x - 2 scrolls of fog {unknown}
 C - 3 scrolls of teleportation {unknown}
Potions
 b - 4 potions of curing
 c - 2 potions of attraction
 d - a potion of might
 e - 4 potions of heal wounds
 k - 2 potions of brilliance {unknown}
 r - 3 potions of mutation {unknown}
 z - a potion of magic {unknown}
 B - 2 potions of invisibility {unknown}


   Skills:
 + Level 4.8 Fighting
 + Level 4.0 Axes
 + Level 2.4 Throwing
 + Level 4.9 Armour
 + Level 4.9 Shields
 + Level 2.6 Invocations
 * Level 3.5 Evocations


You had 6 spell levels left.
You didn't know any spells.
Your spell library contained the following spells:

 Spells                   Type           Power      Damage    Failure   Level
 Blink                    Tloc           0%         N/A       100%        2
 Poisonous Vapours        Pois/Air       0%         N/A       100%        2
 Frozen Ramparts          Ice            0%         1d1       100%        3
 Gell's Gravitas          Tloc           0%         N/A       100%        3
 Lesser Beckoning         Tloc           0%         N/A       100%        3
 Summon Guardian Golem    Hex/Summ       0%         N/A       100%        3
 Teleport Other           Tloc           0%         N/A       100%        3
 Corpse Rot               Necr/Pois/Air  0%         N/A       100%        4
 Ice Form                 Ice/Tmut       0%         N/A       100%        4
 Summon Ice Beast         Ice/Summ       0%         N/A       100%        4
 Manifold Assault         Tloc           0%         N/A       100%        5
 Orb of Destruction       Conj           0%         9d5       100%        7
 Spellforged Servitor     Conj/Summ      0%         N/A       100%        7


Dungeon Overview and Level Annotations

Branches:
Dungeon (5/15)              Sewer (visited)
 Temple: D:4-7

Altars:
Nemelex Xobeh

Shops:
D:4 !


Innate Abilities, Weirdness & Mutations

You have a pair of horns on your head.
You reflexively headbutt those who attack you in melee.


Message History

There is an open door here.
You open the door.
There is an open door here.
A kobold comes into view. It is wielding a +0 whip.
The kobold shouts!
The kobold barely misses you. You furiously retaliate!
You headbutt the kobold.
You kill the kobold!
Things that are here:
a +0 whip; 3 stones; a kobold corpse
There is an open door here.
There is an open door here.
There is an open door here.
There is an open door here.
Done exploring.
There is an open door here.
There is a stone staircase leading down here.
You climb downwards.
Found 15 gold pieces and a shiny emerald ring.
Found an escape hatch in the ceiling.
There is a stone staircase leading up here.
Found a thick glowing staff.
Found a scale mail.
You block the two-headed ogre's attack.
The two-headed ogre hits you with a +0 giant spiked club!!
You barely miss the two-headed ogre.
The two-headed ogre hits you with a +0 giant spiked club!!
* * * LOW HITPOINT WARNING * * *
The two-headed ogre completely misses you.
You hit the two-headed ogre.
The two-headed ogre is lightly wounded.
The two-headed ogre hits you but does no damage.
You block the two-headed ogre's attack.
You barely miss the two-headed ogre.
The two-headed ogre is lightly wounded.
The two-headed ogre barely misses you. x2
You hit the two-headed ogre.
You headbutt the two-headed ogre, but do no damage.
The two-headed ogre is lightly wounded.
The two-headed ogre hits you with a +0 giant spiked club!!
Ouch! That really hurt!
You die...

....#... #....=..
..#.#.# .
##.#...#.#
#.........
##.........
##.....$....
##...@.......
#..<..O......
#....<........
#............[
.............|.
..............#..
.............## .
............##
#############


You could see a two-headed ogre.

Vanquished Creatures
  A water moccasin (Sewer)
  Duvessa (D:4)
  A necrophage (D:3)
  Dowan (D:4)
  An orc priest (D:4)
  A hound (D:4)
  Natasha (thrice) (D:2)
  An orc wizard (D:4)
  6 gnolls (D:4)
  7 adders
  4 worms
  3 dart slugs
  3 orcs
  A bat (D:1)
  7 endoplasms
  6 giant cockroaches
  6 hobgoblins
  A jackal (Sewer)
  7 kobolds
  3 quokkas
  3 ball pythons
  3 frilled lizards
  4 goblins
  8 rats
82 creatures vanquished.

Vanquished Creatures (others)
  4 withered plants (D:2)
4 creatures vanquished.

Grand Total: 86 creatures vanquished

Notes
Turn   | Place    | Note
-------+----------+-------------------------------------------
     0 | D:1      | RascalDebosk the Minotaur Fighter began the quest for the
                  | Orb.
     0 | D:1      | Reached XP level 1. HP: 19/19 MP: 0/0
   468 | D:1      | Reached XP level 2. HP: 27/27 MP: 1/1
   745 | D:2      | Reached skill level 1 in Evocations
   753 | D:2      | Reached XP level 3. HP: 33/33 MP: 2/2
   811 | D:2      | Noticed Natasha
   823 | D:2      | Killed Natasha
   987 | D:2      | Reached skill level 1 in Throwing
  1081 | D:2      | Noticed Natasha
  1086 | D:2      | Killed Natasha
  1087 | D:2      | Reached skill level 1 in Invocations
  1087 | D:2      | Reached XP level 4. HP: 40/40 MP: 3/3
  1156 | D:2      | Found a faded altar of an unknown god.
  1412 | D:2      | Noticed Natasha
  1425 | D:2      | Killed Natasha
  2150 | D:3      | Reached XP level 5. HP: 39/46 MP: 4/4
  2282 | D:3      | Found a sparkling altar of Nemelex Xobeh.
  2404 | D:3      | Found a glowing drain.
  2413 | Sewer    | Entered a sewer
  2439 | Sewer    | Noticed a water moccasin
  2448 | Sewer    | Killed a water moccasin
  2449 | Sewer    | Reached XP level 6. HP: 43/53 MP: 6/6
  3223 | D:4      | Noticed Dowan
  3223 | D:4      | Found Ogianoym's Distillery.
  3227 | D:4      | Bought a potion of curing for 42 gold pieces
  3227 | D:4      | Bought a potion of heal wounds for 70 gold pieces
  3227 | D:4      | Bought a potion of curing for 42 gold pieces
  3227 | D:4      | Bought a potion of attraction for 42 gold pieces
  3227 | D:4      | Bought a potion of degeneration for 14 gold pieces
  3234 | D:4      | Noticed Duvessa
  3244 | D:4      | Killed Duvessa
  3246 | D:4      | Killed Dowan
  3382 | D:4      | Reached XP level 7. HP: 27/60 MP: 7/7
  4158 | D:5      | Entered Level 5 of the Dungeon
  4158 | D:5      | Noticed a two-headed ogre
  4164 | D:5      | Demolished by a two-headed ogre

Illustrated notes

Levels and vault maps discovered:
D:1:      roderic_octagonal_star, layout_basic
D:2:      layout_basic, serial_curves, eino_curves_03, eino_curves_04,
          ebering_ecumenical_altar_petrified, uniq_natasha
D:3:      layout_basic, nemelex_dance_club_becter, gup_sewer_entry_bubbles
D:4:      layout_gridville, serial_shops, nicolae_stop_n_shop_2, uniq_duvessa
D:5:      nicolae_cairo_tiling_large_dashed, layout_cave_pods, minitemple,
          minmay_temple_entry_tees, nicolae_elevator_lobby_plus

Skill      XL: |  1  2  3  4  5  6  7 |
---------------+----------------------+-----
Evocations     | 1 2 3 |  3.5
Armour         | 4 |  4.9
Throwing       | 1 2 |  2.4
Fighting       | 4 |  4.8
Shields        | 4 |  4.9
Invocations    | 1 2 |  2.6
Axes           | 3 4 |  4.0

Action                   |  1- 3 |  4- 6 |  7- 9 || total
-------------------------+-------+-------+-------++-------
Melee: War axe           |    56 |   116 |    51 ||   223
       Headbutt          |    10 |    15 |     7 ||    32
Throw: Boomerang         |       |     1 |     3 ||     4
Armor: Plate armour      |    24 |    46 |    34 ||   104
       Scale mail        |     1 |       |       ||     1
Dodge: Dodged            |    34 |    26 |    18 ||    78
Block: Buckler           |    11 |     1 |       ||    12
       Tower shield      |       |    88 |    48 ||   136
       Reflection        |       |     1 |     5 ||     6
